 Dungeon Crawl Stone Soup version 0.28.0 (webtiles) character file.

Game seed: 924376252867956587

1047 SnakkuSnakku7 the Magician (level 8, -10/54 HPs)
             Began as a Djinni Gladiator on Feb 10, 2022.
             Killed by an exploding Grinder (15 damage)
             ... ignited by their inner flame
             ... on level 5 of the Dungeon.
             The game lasted 00:08:14 (5902 turns).

SnakkuSnakku7 the Magician (Djinni Gladiator)       Turns: 5902, Time: 00:08:15

Health: -10/54     AC:  4    Str: 21    XL:     8   Next: 50%
Gold:   156        EV: 12    Int: 12    God:
                   SH:  0    Dex: 15

rFire   + + .      SeeInvis +   b - +1 dagger (venom)
rCold   x . .      Faith    .   (no shield)
rNeg    . . .      Spirit   .   e - +0 ring mail
rPois   ∞          Reflect  .   c - +0 helmet
rElec   .          Harm     .   m - +0 cloak
rCorr   .          Rampage  .   (no gloves)
Will    .....                   (boots unavailable)
Stlth   +.........              (no amulet)
HPRegen 0.18/turn               p - +6 ring of strength
MPRegen 0.00/turn               t - ring of see invisible

@: flying
A: sickness immunity, fire resistance 2, cold vulnerability 1, float, innate
caster, HP casting, extra vitality 1, deformed body, strong 1
a: no special abilities


You were on level 5 of the Dungeon.
You visited 1 branch of the dungeon, and saw 6 of its levels.

You collected 156 gold pieces.

Inventory:

Hand Weapons
 a - a +0 quarterstaff
 b - a +1 dagger of venom (weapon)
Missiles
 d - 3 throwing nets (quivered)
 r - 5 poisoned darts
Armour
 c - a +0 helmet (worn)
 e - a +0 ring mail (worn)
 k - a +0 leather armour
 m - a +0 cloak (worn)
Jewellery
 p - a +6 ring of strength (left hand)
 t - a ring of see invisible (right hand)
 B - a ring of positive energy
Wands
 o - a wand of flame (4)
 y - a wand of mindburst (2)
Scrolls
 f - a scroll of immolation
 i - a scroll of blinking {unknown}
 j - a scroll of torment {unknown}
 l - a scroll of enchant armour {unknown}
 n - a scroll of teleportation {unknown}
 q - 2 scrolls of noise {unknown}
 s - a scroll of summoning {unknown}
 u - a scroll of silence {unknown}
 w - a scroll of fog {unknown}
 z - 3 scrolls of identify {unknown}
Potions
 v - a potion of attraction {unknown}
 x - a potion of berserk rage {unknown}


   Skills:
 - Level 2.0 Fighting
 - Level 2.6 Staves
 - Level 1.5 Throwing
 - Level 3.2 Dodging
 + Level 7.1 Spellcasting


You had 16 spell levels left.
You knew the following spells:

 Your Spells              Type           Power      Damage    Failure   Level
a - Apportation           Tloc           42%        N/A       1%          1
b - Passwall              Tmut/Erth      17%        N/A       2%          2
c - Corpse Rot            Necr/Air       42%        N/A       2%          2
Your spell library was empty.

Dungeon Overview and Level Annotations

Branches:
Dungeon (6/15)
 Temple: D:4-7

Altars:
Dithmenos

Shops:
D:2 :


Innate Abilities, Weirdness & Mutations

You are immune to sickness and miasma.
You are immune to poison.
Your flesh is very heat resistant. (rF++)
You are vulnerable to cold. (rC-)
You float through the air rather than walking.
You learn spells naturally, not from books.
Your magical power is your life essence.
You have superior vitality. (+4 MHP)
Armour fits poorly on your strangely shaped body.
Your muscles are strong. (Str +2)


Message History

Maggie's mind is blasted!
Flame seeps out of Maggie.
Maggie is engulfed in blazing flames.
Flame seeps out of Maggie.
Unknown command.
Unknown command.
Okay, then.
You closely miss Maggie.
Maggie is moderately wounded.
Maggie barely misses you.
You hit Maggie but do no damage.
Maggie is moderately wounded.
Maggie hits you with a +0 scimitar!
You barely miss Maggie.
Maggie is moderately wounded.
Maggie hits you with a +0 scimitar!
* * * LOW HITPOINT WARNING * * *
You hit Maggie.
Flame seeps out of Maggie.
Maggie is poisoned.
Maggie is heavily wounded.
Maggie is engulfed in blazing flames.
Flame seeps out of Maggie.
Maggie closely misses you.
It was a potion of curing.
You feel better.
Flame seeps out of Maggie.
Maggie is engulfed in blazing flames.
Flame seeps out of Maggie.
Maggie misses you.
You feel better.
Flame seeps out of Maggie.
Maggie is engulfed in blazing flames.
Flame seeps out of Maggie.
Maggie gestures at you while chanting. The bolt of fire hits you. You resist.
* * * LOW HITPOINT WARNING * * *
Unknown command.
Okay, then.
Okay, then.
It was a potion of mutation.
You feel extremely strange.
Your body twists and deforms.
You feel stronger.
You break out of your daze!
Maggie explodes!
The fiery explosion engulfs Grinder!!
The fiery explosion engulfs you! You resist.
* * * LOW HITPOINT WARNING * * *
Grinder explodes!
The fiery explosion engulfs you! You resist.
You die...

#(......####.................#...
'............................#...
#............................#...
#..................#########.#...
#..................#### #....#...
#..............#......# #....##..
####...........####...# #........
#....###...§####...###...###..
#.........>§§@.+...'.......'..
#...############...####....#..
#.....................'....'..
#....#####...##########....#.#
#....##......# ####....#.#
#....##...##########....####.#
#.......................'....#
#....##########...##....######
#...........##................


There were no monsters in sight!

Vanquished Creatures
  Maggie (D:5)
  Grinder (D:5)
  A water moccasin (D:5)
  An ice beast (D:5)
  A sky beast (D:5)
  An ogre (D:4)
  A water moccasin skeleton (D:4)
  A hound (D:4)
  2 orc priests
  A gnoll shaman (D:5)
  5 iguanas
  3 orc wizards
  A scorpion zombie (D:5)
  8 gnolls
  13 adders
  A white imp (D:4)
  A dart slug (D:3)
  15 orcs
  4 bats
  4 endoplasms
  4 giant cockroaches
  3 hobgoblins
  6 quokkas
  11 ball pythons
  3 frilled lizards
  4 goblins
  7 kobolds
  4 rats
108 creatures vanquished.

Notes
Turn   | Place    | Note
-------+----------+-------------------------------------------
     0 | D:1      | SnakkuSnakku7 the Djinni Gladiator began the quest for the
                  | Orb.
     0 | D:1      | Reached XP level 1. HP: 18/18 MP: 0/0
    55 | D:1      | Reached skill level 1 in Spellcasting
    55 | D:1      | Reached XP level 2. HP: 22/23 MP: 0/0
   524 | D:2      | Reached XP level 3. HP: 28/28 MP: 0/0
   524 | D:2      | Learned a level 1 spell: Apportation
   546 | D:2      | Reached skill level 2 in Spellcasting
   757 | D:2      | Found a faded altar of an unknown god.
   784 | D:2      | Reached XP level 4. HP: 27/33 MP: 0/0
   813 | D:2      | Found Uxaxod's Book Shop.
  1054 | D:3      | You are sucked into a shaft and drop 1 floor!
  1054 | D:4      | Noticed an ogre
  1074 | D:4      | Killed an ogre
  1075 | D:4      | Reached skill level 3 in Spellcasting
  1075 | D:4      | Reached XP level 5. HP: 6/38 MP: 0/0
  1075 | D:4      | Learned a level 2 spell: Passwall
  1256 | D:4      | Reached XP level 6. HP: 15/43 MP: 0/0
  1257 | D:4      | Reached skill level 4 in Spellcasting
  2816 | D:4      | Reached XP level 7. HP: 22/49 MP: 0/0
  2816 | D:4      | Learned a level 2 spell: Corpse Rot
  3235 | D:5      | Entered Level 5 of the Dungeon
  3248 | D:4      | Reached skill level 5 in Spellcasting
  4523 | D:5      | Reached skill level 6 in Spellcasting
  4631 | D:6      | Noticed a water moccasin
  5071 | D:5      | Reached XP level 8. HP: 13/54 MP: 0/0
  5810 | D:6      | Found a shadowy altar of Dithmenos.
  5854 | D:5      | Reached skill level 7 in Spellcasting
  5881 | D:6      | Noticed Maggie
  5881 | D:6      | Noticed Grinder
  5881 | D:6      | Paralysed by Grinder for 5 turns
  5902 | D:5      | Gained mutation: Armour fits poorly on your strangely
                  | shaped body. [potion of mutation]
  5902 | D:5      | Gained mutation: Your muscles are strong. (Str +2) [potion
                  | of mutation]
  5902 | D:5      | Killed Maggie
  5902 | D:5      | Killed Grinder
  5902 | D:5      | Killed by an exploding Grinder... ignited by their inner
                  | flame

Illustrated notes

Levels and vault maps discovered:
D:1:      grunt_arrival_crossed_arrows, layout_rooms,
          chequers_serial_rivers_micro_c
D:2:      layout_basic, ebering_ecumenical_altar_abandoned, serial_shops, shop
D:3:      layout_basic, st_stairs_1
D:4:      layout_loops_ring
D:5:      layout_basic
D:6:      layout_rooms, mainiacjoe_overflow_tiny_flanked,
          lemuel_mausoleum_altar_kikubaaqudgha, nicolae_overflow_hidden_temple,
          temple_hall, chequers_jeans, uniq_maggie, uniq_grinder,
          uniq_crazy_yiuf_cottage

Skill      XL: |  1  2  3  4  5  6  7  8 |
---------------+-------------------------+-----
Spellcasting   | 1 2 3 4 6 7 |  7.1
Fighting       | |  2.0
Staves         | |  2.6
Throwing       | |  1.5
Dodging        | |  3.2

Action                   |  1- 3 |  4- 6 |  7- 9 || total
-------------------------+-------+-------+-------++-------
Melee: Quarterstaff      |    58 |       |    16 ||    74
       Dagger            |    25 |   163 |   189 ||   377
       Punch             |     2 |     2 |     2 ||     6
Throw: Throwing net      |       |     3 |       ||     3
 Cast: Passwall          |       |     1 |       ||     1
Evoke: Wand              |       |     7 |     5 ||    12
  Use: Potion            |       |       |     4 ||     4
       Scroll            |       |       |     1 ||     1
 Stab: Held in net/web   |       |     2 |       ||     2
Armor: Leather armour    |     1 |       |       ||     1
       Ring mail         |    34 |    55 |    63 ||   152
Dodge: Dodged            |    56 |   123 |   133 ||   312
